 Dungeon Crawl Stone Soup version 0.20-a0-1065-g8446734 (webtiles) character file.

2562 Ijustatesigmund the Carver (level 9, -4/74 HPs)
             Began as a Barachi Fighter on Apr 28, 2017.
             Killed from afar by Erica (23 damage)
             ... with an orb of energy
             ... on level 8 of the Dungeon.
             The game lasted 00:20:53 (6751 turns).

Ijustatesigmund the Carver (Barachi Fighter)        Turns: 6751, Time: 00:20:54

Health: -4/74      AC:  6    Str: 23    XL:     9   Next: 56%
Magic:  9/9        EV: 14    Int: 11    God:
Gold:   571        SH:  0    Dex: 17    Spells: 8/8 levels left

rFire    + . .     SeeInvis .   a - +2 long sword
rCold    . . .     Gourm    .   (no shield)
rNeg     . . .     Faith    .   b - +0 scale mail
rPois    .         Spirit   .   (no helmet)
rElec    .         Reflect  .   (no cloak)
rCorr    .         Harm     .   (no gloves)
MR       .....                  (no boots)
Stlth    ..........             (no amulet)
Regen    0.3/turn               c - ring of protection from fire
MPRegen  0.2/turn               m - +5 ring of dexterity

@: mighty, slowed, very slow
A: +LOS, swims, slowness 1, strong legs 1
a: Hop


You were on level 8 of the Dungeon.
You were not hungry.

You visited 2 branches of the dungeon, and saw 9 of its levels.
You also visited: Sewer.

You collected 571 gold pieces.

Inventory:

Hand Weapons
 a - a +2 long sword (weapon)
Missiles
 G - 2 javelins (quivered)
Armour
 b - a +0 scale mail (worn)
Jewellery
 c - a ring of protection from fire (left hand)
 i - an uncursed ring of protection from cold
 m - a +5 ring of dexterity (right hand)
 n - the ring "Enawigo" {rElec Dex-3}
   (You found it on level 4 of the Dungeon)

   [ring of dexterity]

   It affects your dexterity (-3).
   It insulates you from electricity.
 t - an uncursed ring of protection from cold
 y - an uncursed ring of positive energy
Wands
 z - a wand of paralysis (10/24)
 B - a wand of acid (9/15)
 E - a wand of lightning (5/15)
 I - a wand of confusion (15/48)
Scrolls
 d - 2 scrolls of identify
 e - 6 scrolls of remove curse
 h - 7 scrolls of teleportation
 s - 3 scrolls of amnesia
 u - 2 scrolls of enchant armour
 F - a scroll of recharging
 K - a scroll of enchant weapon
Potions
 j - 4 potions of curing
 k - a potion of lignification
 l - 4 potions of brilliance
 q - a potion of resistance
 r - 3 potions of haste
 v - 2 potions of agility
 A - a potion of might
 C - a potion of degeneration
 D - 3 potions of flight
 H - a potion of magic {unknown}
 L - a potion of heal wounds
Books
 o - a book of Annihilations

   Spells                             Type                      Level
   a - Poison Arrow                   Conjuration/Poison           6
   b - Chain Lightning                Conjuration/Air              8
   c - Lehudib's Crystal Spear        Conjuration/Earth            8
   d - Glaciate                       Conjuration/Ice              9
   e - Fire Storm                     Conjuration/Fire             9
 w - a book of Minor Magic

   Spells                             Type                      Level
   a - Magic Dart                     Conjuration                  1
   b - Blink                          Translocation                2
   c - Call Imp                       Summoning                    2
   d - Slow                           Hexes                        2
   e - Conjure Flame                  Conjuration/Fire             3
   f - Mephitic Cloud                 Conjuration/Poison/Air       3
Comestibles
 f - 6 bread rations
 g - 8 fruits
 x - 3 meat rations
 J - 2 royal jellies


   Skills:
 + Level 8.3 Fighting
 * Level 10.7 Long Blades
 - Level 3.6 Armour
 + Level 7.1 Dodging
   Level 3.2 Shields


You had 8 spell levels left.
You didn't know any spells.

Dungeon Overview and Level Annotations

Branches:
Dungeon (8/15)             Temple (1/1) D:4
   Lair: D:8-11

Altars:
Ashenzari
Dithmenos
Fedhas
Hepliaklqana
Okawaru
Qazlal
Sif Muna
Trog
Uskayaw
Wu Jian
Xom
Yredelemnul
The Shining One
Lugonu

Annotations:
D:8 Erica


Innate Abilities, Weirdness & Mutations

Shadows flee at your approach. (+LOS)
You can swim through water.
You cover ground slowly.
You can hop short distances.


Message History

Erica is moderately wounded.
You slash Erica!
Erica is heavily wounded.
Erica hits you with a scimitar of flaming.
* * * LOW HITPOINT WARNING * * *
Erica burns you.
* * * LOW HITPOINT WARNING * * *
You slash Erica!
Erica is severely wounded.
Erica gestures at you while chanting.
You feel yourself slow down.
You slash Erica!
Erica is almost dead.
Erica casts a spell at you.
You feel as though you will be slow longer.
You closely miss Erica.
Erica is almost dead.
Erica casts a spell at you. The orb of energy hits you!
You die...

.# .# .# #
.#.#
####.#.###
........#
#.......#
#.......#
#.@..#
#@......#
#.......#
#.......#
####.####
.# .# ##


You could see Erica.

Vanquished Creatures
  Menkaure (D:4)
  Duvessa (D:7)
  An orc warrior (D:6)
  An ice beast (D:6)
  2 sky beasts
  A phantom (D:4)
  3 ogres
  2 centaurs (D:6)
  3 gnoll sergeants (D:6)
  A bullfrog (D:6)
  Dowan (D:7)
  3 howler monkeys
  3 crimson imps
  3 jellies (D:6)
  A bullfrog skeleton (D:6)
  8 hounds
  2 orc priests
  2 centaur skeletons
  A gnoll shaman (D:6)
  2 orc wizards
  2 worker ants
  A hound zombie (D:5)
  4 gnolls (D:6)
  7 adders
  4 shadow imps
  8 oozes
  An adder skeleton (D:4)
  4 worms
  6 leopard geckos
  9 orcs
  2 ball pythons
  15 bats
  9 giant cockroaches
  8 goblins
  19 hobgoblins
  14 jackals
  2 quokkas
  8 frilled lizards
  9 kobolds
  2 quokka zombies
  10 rats
186 creatures vanquished.

Notes
Turn   | Place    | Note
-------+----------+-------------------------------------------
     0 | D:1      | Ijustatesigmund the Barachi Fighter began the quest for the Orb.
     0 | D:1      | Reached XP level 1. HP: 18/18 MP: 1/1
   180 | D:1      | Reached XP level 2. HP: 25/25 MP: 2/2
   235 | D:1      | Reached skill level 3 in Long Blades
   590 | D:1      | Reached skill level 1 in Dodging
   647 | D:2      | Found a blossoming altar of Fedhas.
   692 | D:2      | Reached XP level 3. HP: 26/30 MP: 3/3
   913 | D:2      | Found a shattered altar of Ashenzari.
   932 | D:2      | Found a basalt altar of Yredelemnul.
  1022 | D:2      | Reached skill level 4 in Long Blades
  1022 | D:2      | Reached XP level 4. HP: 34/37 MP: 4/4
  1806 | D:3      | Found an ornate altar of the Wu Jian Council.
  1851 | D:4      | Found a staircase to the Ecumenical Temple.
  1887 | D:4      | Reached XP level 5. HP: 43/43 MP: 5/5
  1893 | Temple   | Entered the Ecumenical Temple
  1943 | D:4      | Noticed a phantom
  1951 | D:4      | Noticed Menkaure
  1966 | D:4      | Killed Menkaure
  1966 | D:4      | Reached skill level 5 in Fighting
  1966 | D:4      | Reached skill level 5 in Long Blades
  1966 | D:4      | Reached XP level 6. HP: 20/51 MP: 6/6
  1977 | D:4      | Killed a phantom
  2414 | D:4      | Reached skill level 6 in Long Blades
  2414 | D:4      | Reached XP level 7. HP: 34/56 MP: 7/7
  2685 | D:4      | Got a scintillating jade ring
  2726 | D:4      | Identified the cursed ring "Enawigo" {rElec Dex-3} (You found it on level 4 of the Dungeon)
  2791 | D:4      | Reached skill level 7 in Long Blades
  3066 | D:5      | Entered Level 5 of the Dungeon
  3134 | D:5      | Found a glowing drain.
  3161 | Sewer    | Entered a sewer
  3762 | D:5      | Reached XP level 8. HP: 30/64 MP: 8/8
  4162 | D:5      | Reached skill level 8 in Long Blades
  4291 | D:5      | Reached skill level 5 in Dodging
  4694 | D:6      | Reached skill level 9 in Long Blades
  5459 | D:6      | Reached XP level 9. HP: 28/72 MP: 9/9
  5705 | D:6      | Reached skill level 10 in Long Blades
  5818 | D:6      | Found a deep blue altar of Sif Muna.
  5949 | D:6      | Found a glowing golden altar of the Shining One.
  6658 | D:7      | Noticed Duvessa
  6658 | D:7      | Noticed Dowan
  6664 | D:7      | Killed Duvessa
  6666 | D:7      | Killed Dowan
  6711 | D:7      | Noticed a skeletal warrior
  6714 | D:7      | Noticed a skeletal warrior
  6716 | D:7      | Noticed a skeletal warrior
  6745 | D:7      | Noticed a skeletal warrior
  6746 | D:8      | Noticed Erica
  6751 | D:8      | Killed from afar by Erica

Vault maps used:
D:1:      dpeg_arrival_short_road
D:2:      ashenzari_conservatory_becter, overflow_temple_1_default, first_bread,
          yredelemnul_altar_generic
D:3:      minmay_diamond_boxcup, lemuel_round_altar
D:4:      minmay_temple_entry_glass, serial_park_tiny_pond, uniq_menkaure
D:5:      cheibrodos_sewer_entry_drain, hangedman_decor_growths
D:6:      kennysheep_housing_project, marbit_many_paths, kennysheep_mini,
          kennysheep_generic_room_2
D:7:      lemuel_round_altar, grunt_temple_overflow_lords_of_destruction,
          basic_altar, grunt_ogre_cave, uniq_duvessa, uniq_prince_ribbit1
D:8:      corexii_shack_village, grunt_temple_overflow_gold_and_silver,
          nicolae_ru_path_of_blood, nicolae_overflow_crystal_walls,
          lightli_ossuary_entry_decrepit_ruins, uniq_erica
Temple:   corrupted_temple
Sewer:    sewer_fruit_machine

Skill      XL: |  1  2  3  4  5  6  7  8  9 |
---------------+----------------------------+-----
Long Blades    | 3 4 5 6 7 9 10 | 10.7
Dodging        | 1 2 3 4 6 7 |  7.1
Fighting       | 4 5 6 7 8 |  8.3
Armour         | |  3.6
Shields        | |  3.2

Action                   |  1- 3 |  4- 6 |  7- 9 || total
-------------------------+-------+-------+-------++-------
Melee: Long sword        |   111 |   105 |   456 ||   672
Throw: Javelin           |       |       |     1 ||     1
 Abil: Hop               |       |       |     3 ||     3
Evoke: Wand              |       |       |     6 ||     6
  Use: Scroll            |     5 |     9 |    13 ||    27
       Potion            |       |     3 |     5 ||     8
 Stab: Paralysed         |       |       |     4 ||     4
       Distracted        |       |       |     1 ||     1
  Eat: Chunk             |     1 |     4 |    13 ||    18
       Fruit             |       |     1 |     4 ||     5
Armor: Scale mail        |    47 |    29 |   117 ||   193
Dodge: Dodged            |    32 |    28 |   275 ||   335
Block: Shield            |    83 |    52 |    86 ||   221
       Rpst.: Long sword |     9 |     5 |    88 ||   102
